 Dungeon Crawl Stone Soup version 0.28.0-45-g0d030f2227 (webtiles) character file.

Game seed: 7578288490069817984

8073 issech the Basher (level 11, -35/96 HPs)
             Began as a Troll Monk on Apr 16, 2022.
             Was a Priest of Hepliaklqana.
             Killed from afar by a fire dragon (49 damage)
             ... with a blast of flame
             ... on level 11 of the Dungeon.
             The game lasted 00:37:19 (9594 turns).

issech the Basher (Troll Monk)                      Turns: 9594, Time: 00:37:19

Health: -35/96     AC: 18    Str: 27    XL:     11   Next: 5%
Magic:  10/10      EV: 13    Int:  6    God:    Hepliaklqana [***...]
Gold:   392        SH:  0    Dex: 16    Spells: 10/10 levels left

rFire   . . .      SeeInvis .   w - +7 pair of quick blades "Gyre" and "Gimble" {protect}
rCold   . . .      Faith    .   (shield currently unavailable)
rNeg    . . .      Spirit   .   L - +2 robe {Will+}
rPois   +          Reflect  .   (helmet restricted)
rElec   .          Harm     .   u - +0 cloak {rPois}
rCorr   .          Rampage  .   (gloves unavailable)
Will    +....                   (boots unavailable)
Stlth   +++.......              (no amulet)
HPRegen 1.06/turn               g - +4 ring of protection
MPRegen 0.12/turn               v - +6 ring of strength

@: under a protective aura
A: reduced essence, large, unfitting armour, claws 3, regeneration 1, shaggy fur
1, tough skin 1
a: Renounce Religion, Recall Ancestor, Ancestor Identity, Transference


You were on level 11 of the Dungeon.
You worshipped Hepliaklqana.
Hepliaklqana was most pleased with you.
You visited 2 branches of the dungeon, and saw 12 of its levels.

You collected 602 gold pieces.
You spent 210 gold pieces at shops.

Inventory:

Hand Weapons
 b - a +5 dire flail
 p - a +5 scimitar
 r - a +4 falchion of freezing
 w - the +7 pair of quick blades "Gyre" and "Gimble" (weapon) {protect}
   (You found it on level 10 of the Dungeon)

   It grants its wielder temporary protection when it strikes (+7 to AC).
 K - a +2 dagger of chaos
 M - a +5 flail
 O - a +0 vorpal mace
 Q - a +2 war axe of flaming
 S - a +1 morningstar of protection
 Y - a +3 dagger of venom
Missiles
 d - 168 bolts
 h - 375 stones (quivered)
 l - 33 sling bullets
 m - 234 arrows
 n - 2 throwing nets
 F - 27 poisoned darts
 P - 6 javelins
 R - 6 atropa-tipped darts
 T - 3 silver boomerangs
Armour
 u - a +0 cloak of poison resistance (worn)
 L - a +2 robe of willpower (worn)
Magical Staves
 c - a staff of air
 A - a staff of poison
Jewellery
 g - a +4 ring of protection (left claw)
 i - an amulet of faith
 v - a +6 ring of strength (right claw)
 D - a ring of resist corrosion
 I - a ring of ice
 X - a +6 ring of intelligence
Wands
 e - a wand of iceblast (5)
 C - a wand of digging (3)
 Z - a wand of acid (10)
Scrolls
 j - a scroll of blinking
 s - a scroll of summoning
 y - 3 scrolls of identify
 z - 4 scrolls of fear
 G - 2 scrolls of teleportation
 H - a scroll of silence
 N - a scroll of enchant weapon
 V - 3 scrolls of enchant armour
 W - a scroll of amnesia
Potions
 a - a potion of attraction {unknown}
 f - 5 potions of haste {unknown}
 k - 4 potions of curing {unknown}
 o - 2 potions of lignification {unknown}
 t - 2 potions of mutation {unknown}
 B - 2 potions of brilliance {unknown}
 E - 2 potions of invisibility {unknown}
 J - a potion of magic
 U - 2 potions of flight {unknown}
Miscellaneous
 q - a piece from Xom's chessboard (15/15)


   Skills:
 + Level 6.8 Fighting
 + Level 4.1 Short Blades
 + Level 10.5 Maces & Flails
 + Level 1.6 Throwing
 + Level 6.3 Dodging
 + Level 3.9 Stealth


You had 10 spell levels left.
You didn't know any spells.
Your spell library contained the following spells:

 Spells                   Type           Power      Damage    Failure   Level
 Magic Dart               Conj           0%         1d3       45%         1
 Searing Ray              Conj           0%         2d4       58%         2
 Static Discharge         Conj/Air       0%         N/A       58%         2
 Fulminant Prism          Conj/Hex       0%         3d6       99%         4
 Lightning Bolt           Conj/Air       0%         1d11      100%        5
 Maxwell's Capacitive Co  Air            0%         ∞         100%        8


Dungeon Overview and Level Annotations

Branches:
Dungeon (11/15)            Temple (1/1) D:7            Lair (0/6) D:8
    Orc: D:9-12

Altars:
Ashenzari
Cheibriados
Dithmenos
Elyvilon
Fedhas
Gozag
Hepliaklqana
Kikubaaqudgha
Makhleb
Nemelex Xobeh
Okawaru
Qazlal
Ru
Sif Muna
Trog
Uskayaw
Vehumet
Wu Jian
Xom
Yredelemnul
Zin
The Shining One

Shops:
D:2 :   D:9 [   D:10 :*


Innate Abilities, Weirdness & Mutations

Your life essence is reduced to manifest your ancestor. (-10% HP)
You are too large for most types of armour.
You have claws for hands.
Your natural rate of healing is unusually fast.
You are covered in fur. (AC +1)
You have tough skin. (AC +1)


Message History

The fire dragon completely misses you. The fire dragon claws you.
The fire dragon barely misses you.
Ishtar-belessa points at the fire dragon and mumbles some strange words.
The puff of frost hits the fire dragon!
The fire dragon is frozen!
You hit the fire dragon. x2
You barely miss the fire dragon.
You hit the fire dragon but do no damage.
The fire dragon bites you but does no damage.
The fire dragon claws you but does no damage.
The fire dragon misses you.
You hit the fire dragon. You puncture the fire dragon!
You hit the fire dragon but do no damage. x2
The fire dragon breathes flames at you. The blast of flame hits you!!
The blast of flame hits Ishtar-belessa!!
Ishtar-belessa resists.
Ishtar-belessa casts a spell at the fire dragon.
The puff of frost hits the fire dragon but does no damage.
You hit the fire dragon but do no damage.
You barely miss the fire dragon.
You hit the fire dragon. x2; The fire dragon bites you.
The fire dragon claws you but does no damage.
The fire dragon misses you.
Ishtar-belessa casts a spell at the fire dragon.
The puff of frost hits the fire dragon.
The fire dragon is frozen!
You barely miss the fire dragon. You hit the fire dragon.
You hit the fire dragon. x2
The fire dragon breathes flames at you. The blast of flame hits you!!
* * * LOW HITPOINT WARNING * * *
The blast of flame hits Ishtar-belessa!
Ishtar-belessa resists.
Ishtar-belessa is destroyed!
You hit the fire dragon but do no damage.
You closely miss the fire dragon.
You hit the fire dragon but do no damage. x2
The fire dragon breathes flames at you. The blast of flame hits you!!!
Ouch! That really hurt!
You die...

......... ...
.........# ##..
........#.## #...
#.....##.# ##..
#...<... ##...
##.....) #...#
##..).. #..D#
##...?. #.@##
#...... #...#####
#...###
##......#####..##
######....#...##
###...##..#
##..###..# #.##
#..# #.# #.. #.#
#.


You could see a fire dragon (catching breath).

Vanquished Creatures
  2 two-headed ogres (D:10)
  Maurice (D:11)
  The ghost of NinjaNoafa the Ruffian, a novice DrTm of Ru (D:6)
  A komodo dragon (D:10)
  2 kobold demonologists
  A spriggan (D:10)
  Edmund (D:4)
  A water moccasin (D:7)
  3 orc warriors (D:8)
  A sky beast (D:6)
  3 ogres
  3 necrophages
  3 centaurs
  A kobold brigand (D:8)
  A bullfrog (D:9)
  2 scorpions (D:5)
  A water moccasin zombie (D:7)
  3 killer bees (D:8)
  12 wights
  A bullfrog zombie (D:6)
  3 centaur zombies
  2 centaur skeletons
  A human zombie (D:8)
  2 orc priests
  2 hounds
  A bullfrog skeleton (D:5)
  4 iguanas
  4 orc wizards
  2 howler monkey zombies
  A mummy (D:8)
  6 gnolls
  A howler monkey skeleton (D:6)
  7 adders
  An adder skeleton (D:4)
  2 worms
  4 dart slugs
  18 orcs
  5 ball pythons
  7 bats
  4 endoplasms
  4 giant cockroaches
  4 goblins
  3 hobgoblins
  A jackal (D:2)
  4 quokkas
  A frilled lizard (D:2)
  18 kobolds
  4 rats
160 creatures vanquished.

Vanquished Creatures (collateral kills)
  A two-headed ogre (D:10)
  Psyche (D:9)
  A hornet (D:9)
  A meliai zombie (D:10)
  A wyvern (D:8)
  A wraith (D:9)
  A black bear (D:8)
  A hornet zombie (D:8)
  A centaur (D:8)
  A kobold brigand (D:9)
  A wyvern zombie (D:8)
  2 killer bees (D:8)
  3 wights
  3 centaur zombies
  An orc priest (D:8)
  A centaur skeleton (D:7)
  2 orcs (D:8)
  2 goblins (D:7)
  3 kobolds
28 creatures vanquished.

Vanquished Creatures (others)
  4 battlemagi
  7 fungi
  3 plants (D:2)
14 creatures vanquished.

Grand Total: 202 creatures vanquished

Notes
Turn   | Place    | Note
-------+----------+-------------------------------------------
     0 | D:1      | issech the Troll Monk began the quest for the Orb.
     0 | D:1      | Reached XP level 1. HP: 22/22 MP: 0/0
   240 | D:1      | Reached XP level 2. HP: 27/29 MP: 1/1
   359 | D:1      | Reached skill level 3 in Maces & Flails
   959 | D:2      | Reached XP level 3. HP: 36/36 MP: 2/2
   991 | D:2      | Found Bazum's Book Shop.
  1082 | D:2      | Found a faded altar of an unknown god.
  1325 | D:2      | Found an opulent altar of Gozag.
  1692 | D:2      | Reached skill level 1 in Short Blades
  1705 | D:2      | Reached XP level 4. HP: 39/45 MP: 3/3
  2320 | D:3      | Reached XP level 5. HP: 45/53 MP: 4/4
  2892 | D:4      | Found a sacrificial altar of Ru.
  2894 | D:4      | Found a hide-covered altar of Uskayaw.
  2903 | D:4      | Noticed a necrophage
  2940 | D:4      | Killed a necrophage
  2997 | D:4      | Reached XP level 6. HP: 59/61 MP: 5/5
  3354 | D:4      | Noticed Edmund
  3373 | D:4      | Killed Edmund
  4048 | D:5      | Entered Level 5 of the Dungeon
  4225 | D:5      | Reached XP level 7. HP: 64/68 MP: 6/6
  4743 | D:5      | Reached skill level 4 in Maces & Flails
  4925 | D:6      | Reached XP level 8. HP: 48/78 MP: 7/7
  4960 | D:6      | Found a broken altar of Ashenzari.
  4963 | D:6      | Found a stormy altar of Qazlal.
  5007 | D:6      | Found a runed translucent door.
  5033 | D:6      | Noticed NinjaNoafa's ghost (novice DrTm)
  5242 | D:6      | Reached skill level 5 in Maces & Flails
  5711 | D:6      | Killed NinjaNoafa's ghost
  5748 | D:7      | Reached skill level 6 in Maces & Flails
  5848 | D:7      | Found a staircase to the Ecumenical Temple.
  5873 | Temple   | Entered the Ecumenical Temple
  5890 | Temple   | Became a worshipper of Hepliaklqana the Forgotten
  5890 | Temple   | Reached * piety under Hepliaklqana
  5890 | Temple   | Reached ** piety under Hepliaklqana
  5891 | Temple   | Remembered your ancestor Ishtar-belessa as a battlemage
  6046 | D:7      | Reached XP level 9. HP: 66/75 MP: 8/8
  6101 | D:7      | Found an iron altar of Okawaru.
  6428 | D:8      | Reached skill level 5 in Fighting
  6432 | D:8      | Reached skill level 7 in Maces & Flails
  6982 | D:8      | Reached skill level 8 in Maces & Flails
  7048 | D:8      | Found a staircase to the Lair.
  7215 | D:8      | Reached skill level 5 in Dodging
  7220 | D:8      | Found a basalt altar of Yredelemnul.
  7610 | D:9      | Found Pufeqyuzo's Antique Armour Shoppe.
  7652 | D:9      | Bought an embroidered cloak for 210 gold pieces
  7693 | D:9      | Noticed Psyche
  7700 | D:9      | Killed Psyche
  7701 | D:9      | Reached XP level 10. HP: 81/88 MP: 9/9
  7705 | D:9      | Reached skill level 9 in Maces & Flails
  8443 | D:9      | Found a sparkling altar of Nemelex Xobeh.
  8493 | D:10     | Entered Level 10 of the Dungeon
  8493 | D:10     | Found Goal's Book Emporium.
  8536 | D:10     | Reached *** piety under Hepliaklqana
  8543 | D:10     | Reached skill level 1 in Throwing
  8604 | D:10     | Noticed a two-headed ogre
  8604 | D:10     | Noticed a two-headed ogre
  8626 | D:10     | Killed a two-headed ogre
  8693 | D:10     | Reached skill level 10 in Maces & Flails
  8790 | D:10     | HP: 3/90 [two-headed ogre/+0 giant spiked club (6)]
  8791 | D:10     | Killed a two-headed ogre
  9022 | D:10     | Found the +7 pair of quick blades "Gyre" and "Gimble"
                  | {protect}
  9140 | D:10     | Found Wyavoom's Lightly-Used Armoury.
  9299 | D:10     | Noticed a two-headed ogre
  9307 | D:10     | Killed a two-headed ogre
  9308 | D:10     | Reached XP level 11. HP: 86/96 MP: 10/10
  9503 | D:11     | Noticed Maurice
  9515 | D:11     | Killed Maurice
  9578 | D:11     | Noticed a fire dragon
  9594 | D:11     | Killed from afar by a fire dragon

Illustrated notes

Levels and vault maps discovered:
D:1:      dpeg_arrival_more_subterranean_lakeside_camping, layout_basic,
          serial_forest, infiniplex_forest_clump_double,
          infiniplex_forest_clump_curved, infiniplex_forest_straight_3,
          infiniplex_forest_lined_room_, infiniplex_forest_lined_1,
          infiniplex_forest_pool, infiniplex_forest_lined_1,
          infiniplex_forest_straight_2, infiniplex_forest_straight_1,
          minmay_pentomino_p2
D:2:      layout_loops_ring, basic_altar, shapermc_ecumenical_altar_gd,
          serial_shops, nicolae_lakefront_shop, minmay_bisected
D:3:      layout_basic, kennysheep_pointless_box
D:4:      layout_loops_corners, mainiacjoe_overflow_large_starburst,
          serial_aquarium, aquarium_bridge_square [aquarium_subvault_bridge,
          aquarium_subvault_window, aquarium_subvault_window,
          aquarium_subvault_bridge], aquarium_window_fake, aquarium_window_fake,
          aquarium_window_corner, aquarium_view_2c, chequers_arboretum,
          uniq_edmund
D:5:      layout_basic
D:6:      layout_loops_cross, mainiacjoe_overflow_catch_the_wave,
          hellmonk_ghost_happy_afterlife, minmay_misc_feat_four_crosses,
          amcnicky_mini_corridor_feature
D:7:      layout_rooms, kennysheep_okawaru_gauntlet,
          minmay_temple_entry_junction, kennysheep_generic_room_13
D:8:      layout_loops_corners, lemuel_mausoleum_altar_yredelemnul,
          lair_entry_dummy
D:9:      layout_big_octagon, nemelex_diamond_rough_becter, serial_shops, shop,
          serial_column_ruins, column_ruins_hut_pillars,
          column_ruins_square_medium, column_ruins_columns_water,
          column_ruins_open_small, column_ruins_columns_plus,
          column_ruins_open_tiny, column_ruins_grid_1,
          column_ruins_columns_straight, column_ruins_open_small, uniq_psyche
D:10:     layout_basic, serial_shops, nicolae_diamond_shop, kennysheep_doodads,
          minmay_shop_damaged, roderic_roman_lattice, grunt_decor_cap,
          minmay_variable_closet, hex_tiny,
          hellmonk_guarded_unrand_gyre_and_gimble
D:11:     layout_layer_cave, columned_hall_lemuel, zin_statuary, uniq_nergalle,
          uniq_maurice
Temple:   regret_index_temple_waves

Skill      XL: |  1  2  3  4  5  6  7  8  9 10 |
---------------+-------------------------------+-----
Maces & Flails | 3 4 6 8 10 | 10.5
Fighting       | 3 4 5 6 |  6.8
Short Blades   | 1 2 3 4 |  4.1
Dodging        | 3 4 5 6 |  6.3
Stealth        | 2 3 |  3.9
Throwing       | 1 |  1.6

Action                   |  1- 3 |  4- 6 |  7- 9 | 10-12 || total
-------------------------+-------+-------+-------+-------++-------
Melee: Dagger            |   104 |   142 |       |       ||   246
       Mace              |     7 |       |       |       ||     7
       Punch             |     1 |     6 |       |     2 ||     9
       Dire flail        |       |    15 |   228 |     2 ||   245
       Flail             |       |       |    14 |    78 ||    92
       Pair of quick bla |       |       |       |    30 ||    30
Throw: Stone             |     9 |     4 |     3 |     6 ||    22
Invok: Ancestor Life: Ba |       |       |     1 |       ||     1
  Use: Scroll            |       |     3 |     6 |     2 ||    11
       Potion            |       |       |       |     2 ||     2
 Stab: Sleeping          |     3 |     5 |     7 |       ||    15
       Distracted        |       |       |     3 |       ||     3
Armor: Robe              |    49 |    57 |    91 |    28 ||   225
Dodge: Dodged            |    52 |    66 |   150 |    72 ||   340
